 Dungeon Crawl Stone Soup version 0.17.0-15-g6d90897 (webtiles) character file.

21648 zarick13 the Pandemonic (level 12, -1/96 HPs)
             Began as a Deep Dwarf Fighter on Nov 10, 2015.
             Was a High Priest of Makhleb.
             Killed by divine providence
             ... invoked by an orc high priest
              (8 damage)
             ... on level 4 of the Orcish Mines.
             The game lasted 01:02:25 (13144 turns).

zarick13 the Pandemonic (Deep Dwarf Fighter)       Turns: 13144, Time: 01:02:26

Health: -1/96      AC: 17    Str: 24    XL:     12   Next: 56%
Magic:  20/20      EV:  9    Int: 10    God:    Makhleb [*****.]
Gold:   1725       SH:  4    Dex: 12    Spells: 0 memorised, 11 levels left

rFire  . . .     SeeInvis .     S - +0 morningstar
rCold  . . .     Clarity  +     N - +0 plate armour
rNeg   + . .     SustAt   .     w - +0 buckler
rPois  .         Gourm    .     R - +0 helmet
rElec  +         Spirit   .     p - +0 cloak
rCorr  .         Warding  .     o - +1 pair of gloves of Huuck {rElec rN+ MR+}
rMut   .         Stasis   .     (no boots)
MR     ++...                    k - amulet of clarity
Stlth  ..........               v - +3 ring of evasion
                                i - +2 ring of protection

@: non-regenerating, very resistant to hostile enchantments, extremely
unstealthy
A: damage resistance, recharge devices, sense surroundings 2, slow regeneration
3
a: Device Recharging, Minor Destruction, Lesser Servant of Makhleb, Major
Destruction, Greater Servant of Makhleb, Renounce Religion


You were on level 4 of the Orcish Mines.
You worshipped Makhleb.
Makhleb was extremely pleased with you.
You were not hungry.

You visited 2 branches of the dungeon, and saw 14 of its levels.
You also visited: Sewer and Volcano.

You collected 2124 gold pieces.
You spent 399 gold pieces at shops.

Inventory:

Hand Weapons
 a - a +1 flail of protection
 d - a +2 flail of holy wrath
 E - a +1 mace of venom
 S - a +0 morningstar (weapon)
 X - a +2 dire flail of flaming
Missiles
 z - 2 throwing nets (quivered)
Armour
 b - the +1 scale mail of Jixucomp {+Blink +Fly Str+4 Int-2}
   (You found it on level 9 of the Dungeon)

   It affects your strength (+4).
   It affects your intelligence (-2).
   It lets you fly.
   It lets you blink.
 c - a +0 shield
 o - the +1 pair of gloves of Huuck (worn) {rElec rN+ MR+}
   (You bought it in a shop on level 9 of the Dungeon)

   It insulates you from electricity.
   It protects you from negative energy.
   It affects your resistance to hostile enchantments.
 p - a +0 cloak (worn)
 w - a +0 buckler (worn)
 N - a +0 plate armour (worn)
 R - a +0 helmet (worn)
Magical Staves
 P - an uncursed staff of wizardry
Jewellery
 i - a +2 ring of protection (left hand)
 k - an amulet of clarity (around neck)
 m - a +3 ring of dexterity
 u - an uncursed ring of protection from magic
 v - a +3 ring of evasion (right hand)
 L - a +5 ring of intelligence
Wands
 e - a wand of heal wounds (2)
 s - a wand of frost (21)
 t - a wand of confusion (41)
 x - a wand of paralysis (3)
 M - a wand of slowing (20)
 T - a wand of paralysis (5)
 V - a wand of paralysis (12)
Scrolls
 q - 6 scrolls of teleportation
 r - 6 scrolls of enchant weapon
 D - 8 scrolls of remove curse
 G - 3 scrolls of enchant armour
 K - 2 scrolls of magic mapping
 O - a scroll of identify
 Y - a scroll of brand weapon
Potions
 g - 8 potions of curing
 l - 2 potions of haste
 A - a potion of agility
 B - a potion of cancellation {unknown}
 C - a potion of magic
 I - 2 potions of flight
 J - a potion of might
 Q - a potion of ambrosia {unknown}
 U - a potion of resistance {unknown}
 W - a potion of berserk rage {unknown}
Books
 y - a book of Conjurations

   Spells                             Type                      Level
   a - Magic Dart                     Conjuration                  1
   b - Searing Ray                    Conjuration                  2
   c - Dazzling Spray                 Conjuration/Hexes            3
   d - Fulminant Prism                Conjuration/Hexes            4
   e - Iskenderun's Mystic Blast      Conjuration                  4
   f - Iskenderun's Battlesphere      Conjuration/Charms           5
 F - a book of Envenomations

   Spells                             Type                      Level
   a - Spider Form                    Transmutation/Poison         3
   b - Alistair's Intoxication        Transmutation/Poison         4
   c - Olgreb's Toxic Radiance        Poison                       4
   d - Poisonous Cloud                Conjuration/Poison/Air       6
 H - an Akashic Record

   Spells                             Type                      Level
   a - Dispersal                      Translocation                6
   b - Malign Gateway                 Summoning/Translocation      7
   c - Disjunction                    Translocation                8
   d - Controlled Blink               Translocation                8
Miscellaneous
 Z - a fan of gales
Comestibles
 f - 10 bread rations
 h - 9 beef jerkies


   Skills:
 - Level 2.6 Fighting
 * Level 11.4 Maces & Flails
 - Level 3.2 Armour
 - Level 3.2 Shields
 - Level 20.0 Invocations
 - Level 7.1 Evocations


You had 11 spell levels left.
You didn't know any spells.

Dungeon Overview and Level Annotations

Branches:
Dungeon (10/15)            Temple (0/1) D:4            Lair (0/8) D:8
    Orc (4/4) D:10
    Elf: Orc:3-4

Altars:
Kikubaaqudgha
Makhleb
Okawaru
Qazlal
Sif Muna
Xom
Zin
The Shining One
Beogh

Shops:
D:7 ?   D:8 :   D:9 [   Orc:4 ?*?


Innate Abilities, Weirdness & Mutations

You are resistant to damage.
You can recharge devices by infusing magical energy.
You passively map the area around you.
You do not regenerate naturally.


Message History

The iron shot hits the orc high priest.
The orc high priest is almost dead.
You feel somewhat more hungry.
You hear a shout!
Press: ? - help, Shift-Dir - straight line, f/p - orc high priest
Aim: an orc high priest, wielding a war axe and wearing a chain mail (almost dead)
The orc high priest convulses in agony!
You feel slightly more hungry.
The orc high priest mumbles some strange prayers to Beogh against you.
Something smites you!
* * * LOW HITPOINT WARNING * * *
Press: ? - help, Shift-Dir - straight line, f/p - orc high priest
Aim: an orc high priest, wielding a war axe and wearing a chain mail (almost dead)
Okay, then.
The orc sorcerer shouts!
You hear a shout!
The orc high priest hits you but does no damage.
You completely miss the orc high priest.
The orc high priest is almost dead.
The orc high priest mumbles some strange prayers to Beogh against you.
Something smites you!
You die...

.......###...##
##...###.....
......###...##
##)).###....
.....###.#.##. ,
,.##)#.###...
....###...##..# ,
#).##)..###.. .....
##.#)##..# #..##.#.##
... #...##
##...##o.###..##§o.##
... ##.##
##...##..#..##6..##*
... ###
##...##.o.##§)§##* ,
.. ##...#@#.#...##
,*,,, ##......)..## ,
, , ##.#...#.## , ,,
,* ##.....##* ,, ,
##...## , , ##.## ,,
, , ### , ,, , * ,, ,
,, , *, , , , ,


You could see an orc high priest and an orc sorcerer.

Vanquished Creatures
  2 centaur warriors (D:10)
  3 orc high priests (Orc:4)
  A tengu warrior (D:8)
  Urug (Orc:1)
  Nergalle (Orc:2)
  An infernal demonspawn (Orc:4)
  A hill giant (D:10)
  3 orc knights
  2 orc sorcerers (Orc:4)
  A molten gargoyle (Volcano)
  A rust devil (Orc:4)
  The ghost of ck1fx the Digger, a novice DDEE (D:5)
  2 trolls
  A red devil (Orc:4)
  2 two-headed ogres
  A wyvern (D:10)
  A deep elf mage (D:10)
  2 fire bats (Volcano)
  2 hippogriffs (D:9)
  A wraith (D:10)
  Menkaure (D:5)
  A vampire mosquito (D:10)
  A warg (Orc:3)
  The ghost of buddha the Stinger, an amateur OpVM of Makhleb (D:3)
  A soldier ant (D:10)
  20 orc warriors
  A black bear (D:10)
  7 ogres
  2 centaurs
  3 ice beasts
  A phantom (D:10)
  A necrophage (D:10)
  2 sky beasts
  A wasp (D:10)
  A gnoll sergeant (D:6)
  4 giant frogs
  3 scorpions
  4 killer bees (D:10)
  2 giant frog zombies
  2 jellies
  3 centaur zombies
  A gnoll shaman (D:8)
  5 crimson imps
  13 orc priests
  A centaur skeleton (D:9)
  3 iguanas
  2 lava snakes (Volcano)
  10 worker ants
  2 giant frog skeletons
  5 hounds
  19 orc wizards
  2 hound skeletons (D:10)
  A hound zombie (D:8)
  19 gnolls
  3 river rats
  13 adders
  A shadow imp (D:10)
  9 oozes
  An adder skeleton (D:9)
  2 worms (D:5)
  15 giant geckos
  98 orcs
  15 ball pythons
  8 hobgoblins
  9 jackals
  7 kobolds
  10 bats
  11 giant cockroaches
  17 giant newts
  9 goblins
  4 quokkas
  A quokka zombie (D:8)
  16 rats
  A fire vortex (Volcano)
425 creatures vanquished.

Vanquished Creatures (collateral kills)
  An ice devil (Orc:4)
  A gelid demonspawn (Orc:4)
  3 orc knights
  A statue (Volcano)
  An orc sorcerer (Orc:4)
  A toenail golem (Volcano)
  An orange demon (Orc:4)
  A troll (Orc:4)
  4 wargs
  An ice beast (D:8)
  20 orc warriors
  2 giant frogs (Sewer)
  A jelly (D:8)
  15 orc priests
  2 worker ants
  8 orc wizards
  3 gnolls (D:7)
  An ooze (Sewer)
  2 giant geckos (Sewer)
  34 orcs
  3 giant cockroaches (Sewer)
  2 bats (D:8)
  A giant newt (Sewer)
109 creatures vanquished.

Vanquished Creatures (others)
  A fire elemental (Volcano)
  A giant gecko (D:10)
  A fire vortex (Volcano)
  4 fungi (D:8)
  A plant (D:5)
8 creatures vanquished.

Grand Total: 542 creatures vanquished

Notes
Turn   | Place    | Note
--------------------------------------------------------------
     0 | D:1      | zarick13 the Deep Dwarf Fighter began the quest for the Orb.
     0 | D:1      | Reached XP level 1. HP: 20/20 MP: 1/1
   379 | D:1      | Reached XP level 2. HP: 22/27 MP: 2/2
  1063 | D:2      | Reached XP level 3. HP: 20/33 MP: 3/3
  1122 | D:2      | Reached skill level 4 in Maces & Flails
  1150 | D:2      | Reached XP level 4. HP: 16/40 MP: 4/4
  1242 | D:2      | Found a glowing silver altar of Zin.
  1242 | D:2      | Found a burning altar of Makhleb.
  1243 | D:2      | Noticed a blizzard demon
  1243 | D:2      | Noticed an angel
  1270 | D:2      | Became a worshipper of Makhleb the Destroyer
  1486 | D:2      | Reached skill level 5 in Maces & Flails
  1649 | D:2      | Reached XP level 5. HP: 42/46 MP: 5/5
  2052 | D:3      | Reached * piety under Makhleb
  2228 | D:3      | Noticed buddha's ghost (amateur OpVM)
  2243 | D:3      | Killed buddha's ghost
  2243 | D:3      | Reached skill level 6 in Maces & Flails
  3094 | D:3      | Reached XP level 6. HP: 43/55 MP: 6/6
  3377 | D:4      | Reached skill level 7 in Maces & Flails
  3570 | D:4      | Found a deep blue altar of Sif Muna.
  3645 | D:4      | Found a staircase to the Ecumenical Temple.
  3758 | D:5      | Entered Level 5 of the Dungeon
  3816 | D:5      | Noticed ck1fx's ghost (novice DDEE)
  3835 | D:5      | Killed ck1fx's ghost
  3835 | D:5      | Reached skill level 8 in Maces & Flails
  3835 | D:5      | Reached XP level 7. HP: 44/61 MP: 7/7
  3838 | D:5      | Found an ancient bone altar of Kikubaaqudgha.
  3897 | D:5      | Reached ** piety under Makhleb
  3993 | D:5      | Noticed Menkaure
  4004 | D:5      | Killed Menkaure
  4004 | D:5      | Reached XP level 8. HP: 31/68 MP: 9/11
  4168 | D:5      | Found a glowing drain.
  4179 | D:5      | Reached skill level 5 in Invocations
  4236 | Sewer    | Entered a sewer
  4426 | Sewer    | Reached *** piety under Makhleb
  4699 | D:5      | Reached **** piety under Makhleb
  5162 | D:6      | Reached skill level 9 in Invocations
  5202 | D:6      | Found a shimmering altar of Xom.
  5204 | D:6      | Found a shimmering altar of Xom.
  5205 | D:6      | Found a shimmering altar of Xom.
  5213 | D:6      | Reached skill level 10 in Invocations
  5593 | D:6      | Gained mutation: You passively map the area around you. [Deep Dwarf growth]
  5593 | D:6      | Reached XP level 9. HP: 62/74 MP: 16/16
  5901 | D:7      | Found Saesiab's Magic Scroll Emporium.
  5933 | D:7      | Reached skill level 11 in Invocations
  5967 | D:7      | Reached ***** piety under Makhleb
  6228 | D:7      | Found a stormy altar of Qazlal.
  6239 | D:7      | Found a glowing golden altar of the Shining One.
  6360 | D:7      | Identified a scroll of acquirement
  6591 | D:8      | Reached skill level 12 in Invocations
  6608 | D:8      | Noticed a tengu warrior
  6644 | D:8      | Killed a tengu warrior
  6644 | D:8      | Reached skill level 13 in Invocations
  6867 | D:8      | Found a staircase to the Lair.
  7019 | D:8      | Found Goluig's Book Shop.
  7102 | D:9      | Reached skill level 14 in Invocations
  7226 | D:9      | Reached XP level 10. HP: 73/81 MP: 20/20
  7623 | D:9      | Paralysed by an orc for 7 turns
  7738 | D:9      | Found Legayx's Armour Emporium.
  7742 | D:9      | Bought the +1 pair of gloves of Huuck {rElec rN+ MR+} for 399 gold pieces
  7815 | D:9      | Reached skill level 15 in Invocations
  7967 | D:9      | Found an iron altar of Okawaru.
  8046 | D:9      | Got a crude scale mail
  8057 | D:9      | Identified the +1 scale mail of Jixucomp {+Blink +Fly Str+4 Int-2} (You found it on level 9 of the Dungeon)
  8150 | D:10     | Entered Level 10 of the Dungeon
  8170 | D:10     | Reached skill level 1 in Evocations
  8505 | D:10     | Reached skill level 5 in Evocations
  8718 | D:10     | Noticed a hill giant
  8722 | D:10     | Killed a hill giant
  8873 | D:10     | Reached skill level 16 in Invocations
  8878 | D:10     | Reached ****** piety under Makhleb
  8926 | D:10     | Found a staircase to the Orcish Mines.
  8940 | Orc:1    | Entered Level 1 of the Orcish Mines
  9002 | Orc:2    | Noticed Nergalle
  9017 | Orc:2    | Killed Nergalle
  9017 | Orc:2    | Reached XP level 11. HP: 66/88 MP: 23/23
  9139 | Orc:1    | Found a dark tunnel.
  9144 | Volcano  | Entered a volcano
  9225 | Volcano  | Found a bloodstained altar of Trog.
  9250 | Volcano  | Reached skill level 17 in Invocations
  9475 | Orc:1    | Noticed Urug
  9488 | Orc:1    | HP: 2/88 [Urug/great mace (23)]
  9489 | Orc:1    | Killed Urug
 10062 | Orc:2    | Found a roughly hewn altar of Beogh.
 10417 | Orc:3    | Reached skill level 18 in Invocations
 10907 | Orc:4    | Entered Level 4 of the Orcish Mines
 10959 | D:10     | Noticed a centaur warrior
 10974 | D:10     | Killed a centaur warrior
 11541 | D:10     | Noticed a centaur warrior
 11544 | D:10     | Killed a centaur warrior
 11544 | D:10     | Reached skill level 19 in Invocations
 12021 | Orc:3    | Noticed a blizzard demon
 12396 | Orc:4    | Reached XP level 12. HP: 61/96 MP: 21/21
 12404 | Orc:4    | Found Duepuz's Magic Scroll Emporium.
 12407 | Orc:4    | Found Gijuig's General Store.
 12457 | Orc:4    | Reached skill level 20 in Invocations
 12529 | Orc:4    | Noticed an ice devil
 12532 | Orc:4    | Killed an ice devil
 12536 | Orc:4    | Noticed an orc high priest
 12549 | Orc:4    | Killed an orc high priest
 12554 | Orc:4    | Noticed an orc high priest
 12574 | Orc:4    | Found Curher's Magic Scroll Shop.
 12868 | Orc:4    | Reached skill level 10 in Maces & Flails
 12939 | Orc:4    | Noticed an infernal demonspawn
 12950 | Orc:4    | Killed an infernal demonspawn
 12962 | Orc:4    | Noticed an orc high priest
 12962 | Orc:4    | Noticed a gelid demonspawn
 12973 | Orc:4    | Killed an orc high priest
 12975 | Orc:4    | Killed a gelid demonspawn
 13025 | Orc:4    | Killed an orc high priest
 13139 | Orc:4    | Noticed an orc high priest
 13144 | Orc:4    | Killed from afar by an orc high priest

Action                   |  1- 3 |  4- 6 |  7- 9 | 10-12 || total
-------------------------+-------+-------+-------+-------++-------
Melee: Flail             |   102 |   128 |   509 |   345 ||  1084
       Mace              |       |    17 |    31 |       ||    48
       Dire flail        |       |       |       |   185 ||   185
       Morningstar       |       |       |       |   101 ||   101
Invok: Minor Destruction |       |       |    29 |   116 ||   145
       Major Destruction |       |       |     8 |    43 ||    51
       Lesser Servant of |       |       |     5 |     4 ||     9
       Greater Servant o |       |       |       |    12 ||    12
 Abil: Device Recharging |       |       |       |     6 ||     6
Evoke: Wand              |       |     6 |     3 |    29 ||    38
  Use: Scroll            |     3 |     9 |     9 |     6 ||    27
       Potion            |       |     2 |       |     4 ||     6
 Stab: Paralysed         |       |     4 |       |       ||     4
       Distracted        |       |       |       |     1 ||     1
  Eat: Chunk             |     1 |     8 |    13 |    18 ||    40
       Beef jerky        |       |       |     1 |     1 ||     2
       Pizza             |       |       |       |     1 ||     1
       Bread ration      |       |       |       |     2 ||     2
       Meat ration       |       |       |       |     1 ||     1
